 Dungeon Crawl Stone Soup version 0.25-a0-404-gc1b5a34292 (webtiles) character file.

Game seed: 8094490581704213864, levelgen mode: deterministic

16 FessEmpty the Firebug (level 2, 13/15 HPs)
             Began as a Deep Elf Fire Elementalist on Jan 11, 2020.
             Got out of the dungeon alive.
             The game lasted 00:05:11 (391 turns).

FessEmpty the Firebug (Deep Elf Fire Elementalist)   Turns: 391, Time: 00:05:11

Health: 13/15      AC:  2    Str:  5    XL:     2   Next: 41%
Magic:  8/8        EV: 13    Int: 19    God:
Gold:   28         SH:  0    Dex: 15    Spells: 6/7 levels left

rFire    . . .     SeeInvis .   (no weapon)
rCold    . . .     Gourm    .   (no shield)
rNeg     . . .     Faith    .   a - +0 robe
rPois    .         Spirit   .   (no helmet)
rElec    .         Reflect  .   (no cloak)
rCorr    .         Harm     .   (no gloves)
MR       .....                  (no boots)
Stlth    ++........             (no amulet)
HPRegen  0.05/turn              (no ring)
MPRegen  0.11/turn              (no ring)

@: no status effects
A: no striking features
a: no special abilities


You escaped.
You were not hungry.

You visited 1 branch of the dungeon, and saw 1 of its levels.

You collected 28 gold pieces.

Inventory:

Missiles
 e - 6 atropa-tipped darts (quivered)
Armour
 a - a +0 robe (worn)
Scrolls
 b - 2 scrolls of identify {unknown}
 d - a scroll of immolation {unknown}
 g - a scroll of fear {unknown}
 h - a scroll of magic mapping {unknown}
Comestibles
 c - 2 rations
 f - 6 chunks of flesh


   Skills:
 + Level 2.7 Dodging
 + Level 2.8 Stealth
 + Level 3.3 Spellcasting
 + Level 1.5 Conjurations
 + Level 3.5 Fire Magic


You had 6 spell levels left.
You knew the following spells:

 Your Spells              Type           Power        Failure   Level  Hunger
a - Foxfire               Conj/Fire      ##..         5%          1    None

Your spell library contained the following spells:

 Spells                   Type           Power        Failure   Level  Hunger
 Conjure Flame            Conj/Fire      ##......     16%         3    ###....
 Inner Flame              Hex/Fire       #.......     22%         3    ###....
 Sticky Flame             Conj/Fire      ##......     45%         4    ####...
 Fireball                 Conj/Fire      ##........   82%         5    ######.


Dungeon Overview and Level Annotations

Branches:
Dungeon (1/15)

Altars:


Message History

A kobold is nearby!
There's nothing to open nearby.
The foxfire hits the kobold but does no damage.
Casting: Foxfire (safe; 6% risk of failure)
Confirm with . or Enter, or press ? or * to list all spells.
You conjure some foxfire!
You hit the kobold.
The kobold is moderately wounded.
The foxfire hits the kobold.
You kill the kobold!
Press: ? - help, v - describe, . - travel
Here: a foxfire (friendly)
The floor.
Your foxfire dissipates!
You see here a ring mail.
b - a scroll labeled EMURIU OCRUA You see here a ring mail.
You start resting.
Magic restored.
Casting: Foxfire (safe; 6% risk of failure)
Confirm with . or Enter, or press ? or * to list all spells.
You conjure some foxfire!
Your foxfire dissipates! x2
Casting: Foxfire (safe; 6% risk of failure)
Confirm with . or Enter, or press ? or * to list all spells.
You conjure some foxfire!
Your foxfire dissipates!
Casting: Foxfire (safe; 6% risk of failure)
Confirm with . or Enter, or press ? or * to list all spells.
You conjure some foxfire!
Your foxfire dissipates!
Casting: Foxfire (safe; 6% risk of failure)
Confirm with . or Enter, or press ? or * to list all spells.
You conjure some foxfire!
Your foxfire dissipates! x2
d - a scroll labeled VEGOJE VEWADD
c - 2 rations (gained 1) Magic restored.
A leopard gecko comes into view.
Casting: Foxfire (safe; 6% risk of failure)
Confirm with . or Enter, or press ? or * to list all spells.
You conjure some foxfire!
The leopard gecko hisses angrily.
Your foxfire dissipates!
The foxfire hits the leopard gecko.
The leopard gecko is almost dead.
Firing (i - inventory) No suitable missiles.
Press: ? - help, Shift-Dir - straight line, f - leopard gecko
Aim: a leopard gecko (almost dead)
Okay, then.
Casting: Foxfire (safe; 6% risk of failure)
Confirm with . or Enter, or press ? or * to list all spells.
You conjure some foxfire!
The foxfire hits the leopard gecko.
You kill the leopard gecko!
Your foxfire dissipates!
You see here a leopard gecko corpse.
You butcher the leopard gecko corpse.
f - a chunk of flesh You see here a leopard gecko skeleton.
b - 2 scrolls labeled EMURIU OCRUA (gained 1)
A frilled lizard comes into view.
You see here 6 atropa-tipped darts.
e - 6 atropa-tipped darts The frilled lizard hisses.
Casting: Foxfire (safe; 6% risk of failure)
Confirm with . or Enter, or press ? or * to list all spells.
You conjure some foxfire!
The foxfire hits the frilled lizard.
You kill the frilled lizard!
You butcher the frilled lizard corpse.
f - 2 chunks of flesh (gained 1)
You see here a frilled lizard skeleton.
Your foxfire dissipates!
You see here a frilled lizard skeleton.
You open the door.
Found a stone staircase leading down.
You open the door.
There is an open door here.
A bat comes into view.
You see here a scroll labeled LUONUSOPHE.
g - a scroll labeled LUONUSOPHE
Casting: Foxfire (safe; 6% risk of failure)
Confirm with . or Enter, or press ? or * to list all spells.
You conjure some foxfire!
The bat hits you but does no damage. The bat completely misses you.
You hit the bat.
The bat is heavily wounded.
The foxfire hits the bat.
You kill the bat!
You have reached level 2!
You butcher the bat corpse.
f - 3 chunks of flesh (gained 1)
You see here a bat skeleton. x2
A goblin comes into view. It is wielding a +0 dagger.
The goblin shouts!
Casting: Foxfire (safe; 5% risk of failure)
Confirm with . or Enter, or press ? or * to list all spells.
You conjure some foxfire!
The foxfire hits the goblin.
You kill the goblin!
Press: ? - help, v - describe, . - travel The floor.
There is a cloud of wisps of flame here.
A goblin comes into view.
Things that are here:
a +0 dagger; a goblin corpse
Casting: Foxfire (safe; 5% risk of failure)
Confirm with . or Enter, or press ? or * to list all spells.
You conjure some foxfire!
The goblin shouts!
The foxfire hits the goblin.
The goblin is severely wounded.
The foxfire hits the goblin.
You kill the goblin!
A hobgoblin comes into view.
Things that are here:
a +0 dagger; a goblin corpse
Casting: Foxfire (safe; 5% risk of failure)
Confirm with . or Enter, or press ? or * to list all spells.
You conjure some foxfire!
The foxfire hits the hobgoblin.
The hobgoblin is moderately wounded.
The foxfire hits the hobgoblin.
The hobgoblin is almost dead.
Casting: Foxfire (safe; 5% risk of failure)
Confirm with . or Enter, or press ? or * to list all spells.
You conjure some foxfire!
The foxfire hits the hobgoblin.
You kill the hobgoblin!
Your foxfire dissipates!
You butcher the goblin corpse.
f - 4 chunks of flesh (gained 1)
Things that are here:
a +0 dagger; a goblin skeleton
Things that are here:
a +0 dagger; a goblin skeleton You butcher the goblin corpse.
f - 6 chunks of flesh (gained 2)
You see here a goblin skeleton. x2
A hobgoblin comes into view. It is wielding a +0 club.
You see here 7 gold pieces.
You now have 7 gold pieces.
Casting: Foxfire (safe; 5% risk of failure)
Confirm with . or Enter, or press ? or * to list all spells.
You conjure some foxfire!
The hobgoblin shouts!
The foxfire hits the hobgoblin.
The hobgoblin is severely wounded.
The foxfire hits the hobgoblin.
You kill the hobgoblin!
You now have 18 gold pieces (gained 11).
h - a scroll labeled RAIH DUOHUGHAMIO You now have 28 gold pieces (gained 10).
A dart slug comes into view.
Casting: Foxfire (safe; 5% risk of failure)
Confirm with . or Enter, or press ? or * to list all spells.
You miscast Foxfire.
You are very lightly contaminated with residual magic.
Nothing appears to happen.
Casting: Foxfire (safe; 5% risk of failure)
Confirm with . or Enter, or press ? or * to list all spells.
You conjure some foxfire!
The foxfire hits the dart slug.
The dart slug is moderately wounded.
The foxfire hits the dart slug.
The dart slug is heavily wounded.
Casting: Foxfire (safe; 5% risk of failure)
Confirm with . or Enter, or press ? or * to list all spells.
You conjure some foxfire!
The dart slug launches a dart at you. The slug dart hits you.
The foxfire hits the dart slug but does no damage.
The dart slug is heavily wounded.
The foxfire hits the dart slug.
The dart slug is heavily wounded.
You hit the dart slug but do no damage.
The dart slug is heavily wounded.
You hit the dart slug.
The dart slug is severely wounded.
Casting: Foxfire (safe; 5% risk of failure)
Confirm with . or Enter, or press ? or * to list all spells.
You conjure some foxfire!
The dart slug bites you.
The foxfire hits the dart slug.
The dart slug is almost dead.
The foxfire hits the dart slug.
You kill the dart slug!
Your magical contamination has completely faded away.
As you open the large door, it creaks loudly!
There is a large open door here.
There is a large open door here.
There is an open door here.
There is an open door here.
There is an open door here.
There is an open door here.
There is a staircase leading out of the dungeon here.
Are you sure you want to leave the Dungeon?
This will make you lose the game!
Alright, then stay!
Are you sure you want to leave the Dungeon?
This will make you lose the game!
You have escaped!

.........
#.##......# .......#
#.##......+ .÷.....#
#.##......# ....##.#
#.##†.....# ....# ..
#.##......# ....#
#.........# #######
#....##..... #....#
#+###....# ....
###....+ #..@#.####
### .##....#
+#'###.. .......#
##..# ...
.......#+#+#'###.###
.........##..# ..
.......#+#'###
.......##..#
.......#'###
.........#


There were no monsters in sight!

Vanquished Creatures
  A dart slug (D:1)
  2 leopard geckos (D:1)
  A bat (D:1)
  2 goblins (D:1)
  3 hobgoblins (D:1)
  A frilled lizard (D:1)
  A kobold (D:1)
11 creatures vanquished.

Vanquished Creatures (others)
  37 foxfires (D:1)
37 creatures vanquished.

Grand Total: 48 creatures vanquished

Notes
Turn   | Place    | Note
-------+----------+-------------------------------------------
     0 | D:1      | FessEmpty the Deep Elf Fire Elementalist began the quest
                  | for the Orb.
     0 | D:1      | Reached XP level 1. HP: 10/10 MP: 6/6
   253 | D:1      | Reached XP level 2. HP: 15/15 MP: 6/8
   391 | D:$      | Got out of the dungeon alive.

Levels and vault maps discovered:
D:1:      erik_arrival_triangle_large, layout_basic, minmay_pentomino_o2

Action                   || total
-------------------------++-------
Melee: Unarmed           ||     6
 Cast: Foxfire           ||    22
Armor: Robe              ||     1
Dodge: Dodged            ||     5

Table legend:
 A = Non-vault XP
 B = Vault XP
 C = Vault XP percentage of total XP
 D = Non-vault monster count
 E = Vault monster count
 F = Vault count percentage of total count
                 A         B        C        D         E       F
            +---------+---------+-------+---------+---------+-------
      Total |      22 |       2 |   8.3 |      10 |       1 |   9.1
            +---------+---------+-------+---------+---------+-------
        D:1 |      22 |       2 |   8.3 |      10 |       1 |   9.1
            +---------+---------+-------+---------+---------+-------
